Map: Lightshade LE

Players

ExpecT

  • Race: Terran Terran

Rex - Winner!

  • Race: Zerg Zerg

Event: DreamHack SC2 Masters 2021 Fall

VOD

Have the link to the VOD?

Description

Time

  • Played on: July 28, 2021, 7:27 a.m.
  • Length: 8:50

All games in this series

Show
View Real Time Build Order
Export as new Build Order

ExpecT Terran 

Build Orders: Reaper Expand, Hellion Banshee 

Get SALT Encoding   

  12  0:00  SCV  
  13  0:12  SCV  
  14  0:16  Supply Depot  
  14  0:25  SCV  
  15  0:38  SCV  
  15  0:40  Barracks  
  16  0:43  Refinery  
  16  0:50  SCV  
  17  1:02  SCV  
  18  1:14  SCV  
  19  1:27  Orbital Command  
  19  1:29  Reaper  
  20  1:39  Command Center  
  20  1:50  Supply Depot  
  20  1:53  SCV  
  21  2:02  Marine  
  21  2:05  Factory  
  21  2:08  SCV  
  23  2:14  Refinery  
  23  2:20  SCV  
  24  2:22  Barracks Reactor  
  24  2:32  SCV  
  25  2:44  SCV  
  25  2:50  Starport  
  26  2:52  Orbital Command  
  26  2:56  SCV  
  27  3:04  Hellion x2  
  31  3:08  Barracks Tech Lab  
  31  3:12  SCV  
  32  3:15  Supply Depot  
  32  3:18  SCV  
  33  3:24  SCV  
  33  3:26  Hellion x2  
  38  3:31  SCV  
  38  3:34  Viking  
  41  3:35  Barracks Tech Lab  
  41  3:37  SCV  
  42  3:41  Supply Depot  
  42  3:46  SCV  
  43  3:49  SCV  
  43  3:52  Hellion  
  43  3:53  Hellion  
  48  3:56  Cloaking Field  
  48  3:58  SCV  
  48  4:01  SCV  
  50  4:03  Banshee  
  53  4:10  SCV  
  53  4:12  Supply Depot  
  53  4:14  Stimpack  
  53  4:16  SCV  
  55  4:22  SCV  
  56  4:28  SCV  
  57  4:34  Command Center  
  57  4:36  SCV  
  58  4:40  SCV  
  59  4:46  Banshee  
  59  4:50  SCV  
  59  4:52  Barracks  
  63  4:53  Factory Reactor  
  63  4:55  SCV, Barracks  
  63  4:59  Marine  
  64  5:02  SCV  
  64  5:06  Engineering Bay  
  66  5:07  SCV  
  66  5:08  Engineering Bay  
  66  5:12  Refinery  
  66  5:13  Refinery  
  67  5:14  SCV  
  67  5:17  Marine  
  67  5:19  SCV  
  70  5:30  Supply Depot  
  70  5:38  Terran Infantry Armor Level 1, Terran Infantry Weapons Level 1  
  70  5:39  Starport Reactor  
  70  5:46  Marine, SCV x2  
  70  5:47  Siege Tank  
  70  5:49  Marine x2, Orbital Command  
  78  5:50  Barracks  
  78  5:55  Barracks  
  78  5:56  Marine x2  
  80  5:57  Combat Shield  
  80  5:58  SCV x2  
  80  6:04  Marine  
  83  6:06  Supply Depot  
  83  6:08  Marine x2, Supply Depot  
  83  6:10  SCV x2  
  87  6:12  Orbital Command  
  87  6:14  Marine x2  
  87  6:21  Marine  
  87  6:22  SCV, Siege Tank  
  87  6:23  SCV  
  93  6:27  Marine x2  
  93  6:32  Marine  
  96  6:35  SCV x2  
  96  6:39  Supply Depot x2  
  98  6:42  Barracks Reactor  
  98  6:43  Medivac x2  
  98  6:44  Barracks Reactor  
  98  6:46  SCV  
  103  6:47  SCV x2  
  103  6:48  Marine  
  103  6:49  Marine x3  
  109  7:01  Siege Tank  
  112  7:02  Supply Depot  
  112  7:03  Armory  
  112  7:07  SCV x2  
  112  7:08  SCV, Supply Depot  
  115  7:12  Marine x5  
  120  7:19  SCV  
  120  7:20  Marine x4  
  125  7:29  Marine  
  125  7:30  Marine x3, Supply Depot x2  
  125  7:33  Marine, Siege Tank  
  133  7:38  Marine x4  
  133  7:42  Missile Turret  
  137  7:45  Missile Turret  
  137  7:47  Marine  
  137  7:49  Marine x2  
  137  7:50  Marine x2  
  132  7:55  Marine  
  132  7:56  Marine x3  
  132  7:58  SCV x3  
  117  8:05  Marine  
  97  8:07  Marine x2  
  97  8:12  Marine x2  
  88  8:13  Marine  
  80  8:21  Marine  
  65  8:29  Marine x2  
Show
View Real Time Build Order
Export as new Build Order

Rex Zerg - Winner!

Build Orders: Hatch First, Muta Ling Bane 

Get SALT Encoding   

  12  0:00  Drone  
  13  0:13  Overlord  
  13  0:17  Drone  
  14  0:31  Drone  
  14  0:32  Drone  
  16  0:48  Hatchery  
  15  0:52  Drone  
  15  0:55  Drone  
  17  0:59  Drone  
  18  1:09  Extractor  
  17  1:14  Spawning Pool  
  17  1:17  Drone  
  17  1:20  Drone  
  18  1:29  Drone  
  20  1:40  Drone  
  20  1:50  Drone  
  21  2:00  Queen x2  
  25  2:01  Zergling x2  
  25  2:02  Zergling x2  
  27  2:12  Overlord  
  27  2:13  Drone  
  28  2:28  Hatchery, Drone  
  28  2:30  Drone  
  28  2:32  Drone  
  28  2:33  Drone  
  31  2:39  Queen  
  32  2:44  Overlord  
  32  2:51  Metabolic Boost  
  32  2:52  Drone  
  32  2:55  Drone  
  32  2:57  Drone  
  35  3:09  Drone x5  
  40  3:15  Overlord  
  40  3:18  Queen  
  42  3:25  Drone  
  43  3:29  Overlord  
  43  3:38  Drone x2  
  43  3:41  Queen, Drone  
  46  3:45  Queen  
  46  3:48  Overlord  
  50  3:49  Drone x3  
  50  3:55  Drone x4  
  57  3:56  Drone  
  58  4:03  Zergling x4  
  60  4:12  Zergling x10  
  65  4:19  Lair  
  65  4:20  Extractor  
  65  4:23  Baneling Nest  
  65  4:24  Drone x5  
  68  4:28  Overlord  
  68  4:36  Spore Crawler, Overlord  
  67  4:39  Spore Crawler  
  67  4:40  Spore Crawler  
  67  4:42  Drone  
  66  4:47  Drone x5, Overlord  
  66  4:50  Drone  
  66  4:51  Drone x2  
  66  4:52  Extractor  
  73  4:53  Extractor  
  73  4:54  Drone  
  73  4:57  Queen  
  75  5:03  Drone  
  75  5:05  Overlord x2  
  75  5:06  Overlord  
  76  5:07  Drone  
  76  5:10  Drone  
  76  5:12  Drone  
  79  5:15  Drone  
  79  5:17  Drone x2, Centrifical Hooks  
  79  5:20  Extractor, Overlord  
  81  5:22  Extractor  
  81  5:25  Drone x4  
  81  5:27  Overlord  
  84  5:29  Drone  
  84  5:32  Drone  
  84  5:35  Spire  
  85  5:37  Drone x2  
  85  5:40  Drone x2  
  89  5:44  Drone  
  89  5:47  Queen  
  92  5:54  Zergling x4  
  92  5:55  Zergling x2  
  95  6:00  Zergling x2  
  95  6:01  Zergling x8  
  100  6:07  Overlord  
  100  6:10  Zergling x2  
  100  6:11  Zergling x12  
  107  6:13  Hatchery  
  103  6:23  Queen  
  103  6:26  Overseer  
  103  6:30  Drone x6  
  104  6:40  Overlord  
  104  6:43  Overlord  
  104  6:45  Overlord  
  104  6:46  Overlord  
  104  6:53  Mutalisk x8  
  110  6:58  Mutalisk  
  110  6:59  Mutalisk  
  124  7:02  Zergling x2  
  125  7:11  Zergling x10  
  131  7:15  Hatchery  
  131  7:16  Zergling x4  
  131  7:18  Hatchery  
  131  7:19  Baneling  
  131  7:20  Baneling x6  
  131  7:24  Zergling x10  
  131  7:26  Zergling x4  
  138  7:34  Overlord  
  138  7:35  Overlord  
  138  7:36  Baneling x10  
  138  7:41  Zergling x8  
  142  7:47  Zergling x4  
  139  7:53  Zergling x12  
  139  7:58  Zergling x4  
  137  8:01  Baneling x10  
  130  8:06  Zergling x10  
  130  8:12  Zergling x2  

Tags
 
Add a new tag
Caveats
  • Supply blocks, unpowered buildings, or Contaminate may cause inaccurate times.
  • Supply counts are checked every 10 seconds.